 Dungeon Crawl Stone Soup version 0.22-a0-358-g7563fe7 (webtiles) character file.

126 sanka the Gouger (level 4, 20/20 HPs)
             Began as a Felid Wanderer on Apr 18, 2018.
             Was an Initiate of Ru.
             Quit the game on level 4 of the Dungeon.
             The game lasted 00:07:13 (3285 turns).

sanka the Gouger (Felid Wanderer)                   Turns: 3285, Time: 00:07:14

Health: 20/20      AC:  1    Str:  7    XL:     4   Next: 83%
Magic:  5/5        EV: 19    Int: 14    God:    Ru [......]
Gold:   234        SH:  0    Dex: 17    Spells: 3/3 levels left
                                        Lives:  0   Deaths: 1

rFire    + . .     SeeInvis +     - Unarmed
rCold    . . .     Gourm    .   (shield unavailable)
rNeg     . . .     Faith    .   (armour unavailable)
rPois    .         Spirit   .   (helmet unavailable)
rElec    .         Reflect  .   (cloak unavailable)
rCorr    .         Harm     .   (gloves unavailable)
MR       .....                  (boots unavailable)
Stlth    ++++......             (no amulet)
HPRegen  0.06/turn              k - ring of stealth
MPRegen  0.09/turn              j - ring of protection from fire

@: quick
A: very small, no armour, no weapons or thrown items, stealth, claws 1, fangs 3,
see invisible, carnivore, speed 1, shaggy fur 1, slow metabolism 1, sharp paws
a: Sacrifice Purity, Sacrifice Love, Sacrifice Resistance, Reject Sacrifices,
Renounce Religion


You were on level 4 of the Dungeon.
You worshipped Ru.
Ru was noncommittal.
You were not hungry.

You visited 1 branch of the dungeon, and saw 4 of its levels.

You collected 234 gold pieces.


Innate Abilities, Weirdness & Mutations

You cannot wear armour.
You are incapable of wielding weapons or throwing items.
Your paws allow you to move quietly. (Stealth)
You have sharp claws.
You have razor-sharp teeth.
You have supernaturally acute eyesight. (SInv)
You are carnivorous and can eat meat at any time.
You cover ground quickly.
You are covered in fur. (AC +1)
You have a slow metabolism.
Your sharp claws are effective at attacking unaware monsters.


   Skills:
 + Level 2.9 Fighting
 + Level 3.4 Dodging
 - Level 2.0 Stealth
 * Level 8.1 Unarmed Combat
 - Level 1.1 Evocations


You had 3 spell levels left.
You didn't know any spells.

Inventory:

Jewellery
 h - an uncursed ring of fire
 j - a ring of protection from fire (right paw)
 k - a ring of stealth (left paw)
Wands
 s - a wand of enslavement (9)
Scrolls
 a - 2 scrolls of fear
 c - 2 scrolls of teleportation
 m - a scroll of random uselessness {unknown}
 p - a scroll of amnesia {unknown}
 q - a scroll of fog {unknown}
 r - a scroll of enchant armour {unknown}
 t - 4 scrolls of remove curse
Potions
 b - a potion of haste
 d - a potion of berserk rage {unknown}
 e - 3 potions of heal wounds
 g - a potion of flight
 i - a potion of mutation {!q}
 l - a potion of agility
 n - a potion of might {unknown}
 o - a potion of invisibility {unknown}
 u - 2 potions of brilliance {unknown}
 v - a potion of degeneration {unknown}
Comestibles
 f - 7 rations

Dungeon Overview and Level Annotations

Branches:
Dungeon (4/15)
 Temple: D:4-7

Altars:
Ru

▒▒........▒▒)..▒▒▒........▒▒.
▒▒.........▒▒....▒............
▒▒.....▒▒...▒▒▒.▒▒.▒▒..........
▒▒...▒▒▒▒▒...▒
▒.▒▒▒.▒.......... ▒▒..▒▒▒
▒....▒..▒▒.....)....... ▒..▒▒
▒▒...▒▒▒. ▒▒.....▒..▒▒. ..▒▒
▒▒....▒..▒.....▒...▒. .▒▒
▒....▒........▒▒... ▒▒ ▒h.▒
.....▒▒.▒▒... ▒...▒▒▒▒.▒
▒..▒... ▒▒▒...▒ ▒...... ▒..▒
▒..▒▒.... ........▒▒...▒
............. ............
............ .▒▒▒▒▒▒.....


There were no monsters in sight!


Message History

The phantom blinks!
The phantom blinks!
You barely miss the worm.
The phantom blinks!
You closely miss the phantom. Your bite misses the phantom.
The phantom is severely damaged.
The phantom hits you!
* * * LOW HITPOINT WARNING * * *
The worm bites you!
* * * LOW HITPOINT WARNING * * *
You claw the phantom!
The phantom is almost destroyed.
The phantom closely misses you.
You scratch the phantom.
The phantom is almost destroyed.
The worm completely misses you.
You barely miss the phantom. You claw the phantom, but do no damage.
The phantom is almost destroyed.
The phantom completely misses you.
You scratch the phantom.
You destroy the phantom!
Your Dodging skill increases to level 3!
Your Unarmed Combat skill increases to level 8!
The worm bites you.
You die...
You are now level 4!
You rejoin the land of the living...
Unknown command.
You can't grasp things well enough to throw them.
Unknown command.
Are you sure you want to abandon this character and quit the game? (Confirm with "yes".)

Action                   |  1- 3 |  4- 6 || total
-------------------------+-------+-------++-------
Melee: Unarmed           |   117 |    63 ||   180
       Bite              |     3 |     4 ||     7
       Punch             |     3 |     3 ||     6
  Use: Scroll            |       |     5 ||     5
       Potion            |       |     2 ||     2
 Stab: Sleeping          |     8 |     4 ||    12
       Distracted        |     2 |       ||     2
  Eat: Chunk             |    10 |     2 ||    12
Armor: Skin              |     2 |       ||     2
Dodge: Dodged            |    73 |    37 ||   110

Vault maps used:
D:1:      dpeg_arrival_shrine
D:2:      nicolae_ru_sacrificial_ziggurat
D:3:      first_ration

Notes
Turn   | Place    | Note
-------+----------+-------------------------------------------
     0 | D:1      | sanka the Felid Wanderer began the quest for the Orb.
     0 | D:1      | sanka set off with: a scroll of fear, a potion of haste, a scroll of teleportation, a potion of curing, a ration
     0 | D:1      | Reached XP level 1. HP: 9/9 MP: 2/2
   487 | D:1      | Reached skill level 1 in Dodging
   487 | D:1      | Reached XP level 2. HP: 12/12 MP: 3/3
  1305 | D:2      | Reached XP level 3. HP: 9/15 MP: 4/4
  1718 | D:2      | Found a sacrificial altar of Ru.
  1726 | D:2      | Became a worshipper of Ru the Awakened
  2226 | D:2      | Reached skill level 2 in Dodging
  2307 | D:3      | Reached skill level 2 in Fighting
  2546 | D:3      | Reached XP level 4. HP: 19/19 MP: 5/5
  2887 | D:4      | Reached skill level 2 in Stealth
  3009 | D:4      | Reached XP level 5. HP: 14/23 MP: 6/6
  3270 | D:4      | Noticed a phantom
  3280 | D:4      | HP: 1/23 [worm (7)]
  3284 | D:4      | Killed a phantom
  3284 | D:4      | Reached skill level 3 in Dodging
  3284 | D:4      | Reached skill level 8 in Unarmed Combat
  3284 | D:4      | Slain by a worm
  3285 | D:4      | Reached XP level 4. HP: 0/20 MP: 5/5
  3285 | D:4      | Quit the game

Vanquished Creatures
  A phantom (D:4)
  A worker ant (D:4)
  2 howler monkey skeletons (D:4)
  3 adders
  6 worms
  3 dart slugs
  3 leopard geckos
  An orc (D:4)
  A ball python (D:3)
  5 bats
  7 giant cockroaches
  8 goblins
  6 hobgoblins
  6 jackals
  A quokka (D:2)
  3 frilled lizards
  A kobold (D:1)
  6 rats
64 creatures vanquished.
